 Dungeon Crawl Stone Soup version 0.26-a0-1020-ge47f559bc5 (webtiles) character file.

Game seed: 4443315174021469135

125 KristoblXynda the Ducker (level 4, -2/24 HPs)
             Began as a Spriggan Berserker on Dec 8, 2020.
             Was a Believer of Trog.
             Slain by an orc (4 damage)
             ... on level 3 of the Dungeon.
             The game lasted 00:02:21 (2610 turns).

KristoblXynda the Ducker (Spriggan Berserker)       Turns: 2610, Time: 00:02:21

Health: -2/24      AC:  2    Str: 13    XL:     4   Next: 82%
Magic:  5/5        EV: 21    Int:  8    God:    Trog [**....]
Gold:   77         SH:  0    Dex: 16    Spells: 3/3 levels left

rFire    . . .     SeeInvis +   a - +0 short sword
rCold    . . .     Faith    .   (shield restricted)
rNeg     . . .     Spirit   .   b - +0 animal skin
rPois    .         Reflect  .   (helmet restricted)
rElec    .         Harm     .   (no cloak)
rCorr    .         Rampage  .   (gloves unavailable)
Will     .....                  (boots unavailable)
Stlth    +++.......             (no amulet)
HPRegen  0.08/turn              (no ring)
MPRegen  0.09/turn              (no ring)

@: berserk cooldown, slowed, quick
A: very small, unfitting armour, see invisible, speed 3
a: Berserk, Trog's Hand, Renounce Religion


You were on level 3 of the Dungeon.
You worshipped Trog.
Trog was pleased with you.
You visited 1 branch of the dungeon, and saw 3 of its levels.

You collected 77 gold pieces.

Inventory:

Hand Weapons
 a - a +0 short sword (weapon)
Armour
 b - a +0 animal skin (worn)
Scrolls
 d - a scroll of magic mapping {unknown}
 f - a scroll of amnesia {unknown}
 h - 2 scrolls of remove curse {unknown}
 i - 2 scrolls of identify {unknown}
 j - a scroll of enchant weapon {unknown}
 k - a scroll of teleportation {unknown}
Potions
 c - a potion of haste {unknown}
 e - a potion of magic {unknown}
 g - 2 potions of brilliance {unknown}


   Skills:
 + Level 3.1 Fighting
 + Level 4.1 Short Blades
 + Level 5.6 Dodging
 + Level 3.5 Stealth


You had 3 spell levels left.
You didn't know any spells.
Your spell library was empty.

Dungeon Overview and Level Annotations

Branches:
Dungeon (3/15)

Altars:
Dithmenos

Annotations:
D:3 Terence


Innate Abilities, Weirdness & Mutations

You are very small and have problems with some larger weapons.
You are too small for most types of armour.
You have supernaturally acute eyesight. (SInv)
You cover ground extremely quickly.


Message History

The orc completely misses you. The bat completely misses you.
Terence hits you with a +0 trident!
* * * LOW HITPOINT WARNING * * *
A jackal comes into view.
The jackal barks!
You hit Terence but do no damage. The bat closely misses you.
The bat hits you but does no damage. Terence barely misses you.
You feel a strong urge to attack something.
A jackal comes into view.
You are no longer berserk.
You are exhausted.
You feel yourself slow down. The bat completely misses you. Terence misses you.
Terence says, "Rest in peace."
Terence zaps a wand.
The puff of flame misses you.
Terence zaps a wand.
The puff of flame hits you.
* * * LOW HITPOINT WARNING * * *
Terence screams, "I'm going to kill you!"
You hit the orc but do no damage. The orc hits you.
You die...

.## .###.ho.. ....
..#...####
.....#.#...##.#
###...S#...#..#
........o<.#..#
###.######.#o.#####
#........@h...#
#.####o######.#
#.@h..@S.#
##########


You could see Terence, an adder, an orc and a jackal.

Vanquished Creatures
  An orc wizard (D:3)
  Robin (D:2)
  3 adders (D:2)
  An ooze (D:1)
  A worm (D:2)
  2 dart slugs (D:1)
  4 giant cockroaches
  13 goblins
  5 hobgoblins
  A quokka (D:2)
  6 bats
  3 frilled lizards (D:1)
  4 kobolds
  5 rats
50 creatures vanquished.

Notes
Turn   | Place    | Note
-------+----------+-------------------------------------------
     0 | D:1      | KristoblXynda the Spriggan Berserker began the quest for
                  | the Orb.
     0 | D:1      | Reached XP level 1. HP: 11/11 MP: 2/2
   311 | D:1      | Reached skill level 1 in Stealth
   322 | D:1      | Reached XP level 2. HP: 5/16 MP: 3/3
  1203 | D:1      | Reached ** piety under Trog
  1324 | D:1      | Reached XP level 3. HP: 18/19 MP: 4/4
  1694 | D:2      | Reached skill level 5 in Dodging
  1835 | D:2      | Noticed Robin
  1843 | D:2      | Killed Robin
  2064 | D:2      | Found a faded altar of an unknown god.
  2074 | D:2      | Reached XP level 4. HP: 23/23 MP: 5/5
  2264 | D:2      | Found a shadowy altar of Dithmenos.
  2587 | D:3      | Noticed Terence
  2610 | D:3      | Slain by an orc

Illustrated notes

Levels and vault maps discovered:
D:1:      tarquinn_simple_flora_water_e, layout_loops_corners
D:2:      layout_loops_corners, chequers_ecumenical_altar_simple_redux,
          hangedman_glass_teeth, grunt_dithmenos_smoke, uniq_robin
D:3:      layout_basic, minmay_quadrilaterals, uniq_terence

Skill      XL: |  1  2  3  4 |
---------------+-------------+-----
Stealth        | 1 2 3 |  3.5
Dodging        | 5 |  5.6
Fighting       | 3 |  3.1
Short Blades   | 4 |  4.1

Action                   |  1- 3 |  4- 6 || total
-------------------------+-------+-------++-------
Melee: Short sword       |   161 |    19 ||   180
Invok: Berserk           |     2 |     1 ||     3
 Stab: Sleeping          |     9 |     3 ||    12
Armor: Animal skin       |     4 |     7 ||    11
Dodge: Dodged            |    95 |    18 ||   113

Table legend: (Time is in decaauts)
 A = Elapsed time spent in this place.
 B = Non-inter-level travel time spent in this place.
 C = Inter-level travel time spent in this place.
 D = Time resting spent in this place.
 E = Time spent auto-exploring this place.
 F = Levels seen in this place.
 G = Mean time per level.
                   A        B        C        D        E       F      G
               +--------+--------+--------+--------+--------+-----+--------+
         Total |   1990 |   1967 |     23 |    382 |   1252 |   3 |  663.3 |
       Dungeon |   1990 |   1967 |     23 |    382 |   1252 |   3 |  663.3 |
               +--------+--------+--------+--------+--------+-----+--------+

Top non-repeatable levels by time:
     D:1: 1200 daAuts
     D:2: 769 daAuts
     D:3: 20 daAuts
